 Dungeon Crawl Stone Soup version 0.29.1-1-gd02db6906a (webtiles) character file.

Game seed: 5331158850742224107

2489 Sabo the Gusty (level 9, -2/70 HPs)
             Began as a Pale Draconian Air Elementalist on Sept 17, 2022.
             Was a Believer of Qazlal.
             Slain by a troll (10 damage)
             ... on level 7 of the Dungeon on Sept 18, 2022.
             The game lasted 01:02:49 (12235 turns).

Sabo the Gusty (Pale Draconian Air Elementalist)   Turns: 12235, Time: 01:02:50

Health: -2/70      AC: 10    Str: 10    XL:     9   Next: 27%
Magic:  16/16      EV: 13    Int: 21    God:    Qazlal [**....]
Gold:   349        SH:  2    Dex: 11    Spells: 14/17 levels left

rFire   . . .      SeeInvis .   C - +5 morningstar
rCold   . . .      Faith    .   (no shield)
rNeg    . . .      Spirit   .   (body armour unavailable)
rPois   .          Reflect  .   (helmet restricted)
rElec   .          Harm     .   w - +2 cloak
rCorr   .          Rampage  .   (no gloves)
Will    .....                   (no boots)
Stlth   ++........              x - amulet of the acrobat
HPRegen 0.21/turn               (no ring)
MPRegen 0.15/turn               (no ring)

@: no status effects
A: breathe steam, AC +7, unfitting armour, cold-blooded, steam resistance
a: Breathe Steam, Renounce Religion, Upheaval


You were on level 7 of the Dungeon.
You worshipped Qazlal.
Qazlal was pleased with you.
You visited 1 branch of the dungeon, and saw 7 of its levels.

You collected 373 gold pieces.
You spent 24 gold pieces at shops.

Inventory:

Hand Weapons
 d - a +1 war axe
 o - a +3 scythe of protection
 v - a +4 quarterstaff of chaos
 B - a +0 shortbow
 C - a +5 morningstar (weapon)
Missiles
 e - 11 poisoned darts
 i - 2 datura-tipped darts
 m - 5 boomerangs (quivered)
 r - 5 atropa-tipped darts
 t - a throwing net
Armour
 w - a +2 cloak (worn)
Jewellery
 x - an amulet of the acrobat (around neck)
Scrolls
 c - a scroll of blinking
 h - 2 scrolls of amnesia
 j - 8 scrolls of teleportation
 l - a scroll of butterflies
 s - a scroll of silence
 y - 2 scrolls of magic mapping
Potions
 a - 3 potions of magic
 b - 2 potions of lignification
 f - 3 potions of brilliance
 g - 2 potions of might
 k - 2 potions of curing
 n - 2 potions of flight
 p - 2 potions of degeneration {unknown}
 q - a potion of berserk rage {unknown}
 u - a potion of mutation {unknown}
 z - 2 potions of cancellation {unknown}
 A - a potion of attraction {unknown}


   Skills:
 + Level 3.3 Fighting
 + Level 2.4(4.3) Axes
 + Level 0.1(1.4) Maces & Flails
 + Level 5.6(5.9) Polearms
 + Level 4.0 Dodging
 + Level 3.5 Stealth
 + Level 2.0 Shields
 + Level 4.9 Spellcasting
 + Level 4.8 Conjurations
 + Level 6.3 Air Magic


You had 14 spell levels left.
You knew the following spells:

 Your Spells              Type           Power      Damage    Failure   Level
a - Shock                 Conj/Air       100%       1d9       1%          1
b - Static Discharge      Conj/Air       28%        3-7/arc   1%          2

Your spell library contained the following spells:

 Spells                   Type           Power      Damage    Failure   Level
 Swiftness                Air            31%        N/A       2%          3
 Airstrike                Air            15%        2d(3-19)  8%          4
 Sandblast                Erth           10%        2d5       11%         1
 Stone Arrow              Conj/Erth      30%        3d8       12%         3
 Passwall                 Tmut/Erth      4%         N/A       17%         2
 Leda's Liquefaction      Hex/Erth       2%         N/A       73%         4
 Lee's Rapid Deconstruct  Erth           2%         3d6*      97%         5
 Statue Form              Tmut/Erth      3%         N/A       100%        6


Dungeon Overview and Level Annotations

Branches:
Dungeon (7/15)             Temple (0/1) D:5

Altars:
Ashenzari
Fedhas
Gozag
Nemelex Xobeh
Qazlal
Ru
Sif Muna
Vehumet
Wu Jian
Xom

Shops:
D:2 *(?   D:4 *


Innate Abilities, Weirdness & Mutations

You can breathe blasts of scalding, opaque steam.
Your pale cyan-grey scales are hard. (AC +7)
You cannot fit into any form of body armour.
You are cold-blooded and may be slowed by cold attacks.
You are immune to the effects of steam.


Message History

k - 3 potions of curing (gained 1)
You have got your breath back.
A troll comes into view.
The troll shouts!
The troll misses you. The troll claws you but does no damage.
You block the troll's attack.
You barely miss the troll.
Your tail-slap misses the troll.
The troll bites you. The troll claws you.
The troll claws you but does no damage.
You sock the troll!
Your tail-slap misses the troll.
The troll is moderately wounded.
The troll barely misses you. The troll claws you! The troll claws you.
The troll bites you! The troll claws you! The troll claws you.
You sock the troll!
The troll is heavily wounded.
The troll bites you. The troll closely misses you.
The troll claws you but does no damage.
You sock the troll! You tail-slap the troll.
The troll is severely wounded.
The troll closely misses you. The troll claws you but does no damage.
The troll closely misses you.
You closely miss the troll.
Your tail-slap misses the troll.
The troll is severely wounded.
The troll bites you but does no damage. The troll barely misses you.
The troll closely misses you. x2; The troll claws you!
* * * LOW HITPOINT WARNING * * *
The troll claws you!
* * * LOW HITPOINT WARNING * * *
You feel better. The troll bites you but does no damage. The troll claws you.
* * * LOW HITPOINT WARNING * * *
The troll claws you but does no damage.
You hit the troll.
The troll is severely wounded.
The troll barely misses you. The troll claws you but does no damage.
The troll claws you.
* * * LOW HITPOINT WARNING * * *
You barely miss the troll.
The troll is severely wounded.
The troll bites you!
You die...

# ########################
#.....§°...............#
#.....T@................
#......................#
##..##.########.######.#
## #...................
#...................
#...................
#...................
#...................
#######...................


You could see a troll.

Vanquished Creatures
  Maggie (D:7)
  Prince Ribbit (D:7)
  Sigmund (D:3)
  2 steam dragons
  A water moccasin (D:6)
  A sky beast (D:7)
  3 ice beasts
  A black bear (D:5)
  A centaur (D:7)
  An ogre (D:4)
  2 phantoms
  A bullfrog (D:7)
  A necrophage (D:6)
  A jelly (D:7)
  2 scorpions (D:5)
  A howler monkey (D:5)
  2 hounds
  2 orc priests (D:7)
  Crazy Yiuf (D:3)
  A gnoll bouda (D:4)
  3 iguanas
  Natasha (D:3)
  An orc wizard (D:4)
  4 adders
  A shadow imp (D:6)
  A worm (D:2)
  2 dart slugs
  7 orcs
  5 bats
  7 endoplasms
  2 giant cockroaches
  3 goblins
  6 hobgoblins
  3 kobolds
  7 quokkas
  8 ball pythons
  3 frilled lizards
91 creatures vanquished.

Vanquished Creatures (others)
  A plant (D:2)
1 creature vanquished.

Grand Total: 92 creatures vanquished

Notes
Turn   | Place    | Note
-------+----------+-------------------------------------------
     0 | D:1      | Sabo the Draconian Air Elementalist began the quest for the
                  | Orb.
     0 | D:1      | Reached XP level 1. HP: 14/14 MP: 3/3
   443 | D:1      | Reached XP level 2. HP: 16/20 MP: 1/5
  1219 | D:1      | Found a faded altar of an unknown god.
  1618 | D:1      | Prayed at the altar of an unknown god.
  1618 | D:1      | Became a worshipper of Qazlal Stormbringer
  1618 | D:1      | Reached * piety under Qazlal
  1672 | D:1      | HP: 1/20 [quokka (2)]
  2598 | D:2      | Reached XP level 3. HP: 26/26 MP: 3/6
  2772 | D:2      | Found Goosha's Antique Weapon Shop.
  3133 | D:2      | Found Akoczul's Assorted Antiques.
  3796 | D:2      | Found Jappeac's Magic Scroll Boutique.
  3800 | D:2      | Bought a scroll of identify for 24 gold pieces
  4038 | D:3      | Noticed Sigmund
  4051 | D:3      | Killed Sigmund
  4052 | D:3      | Reached skill level 1 in Fighting
  4052 | D:3      | Reached skill level 1 in Axes
  4052 | D:3      | Reached skill level 1 in Shields
  4052 | D:3      | Reached XP level 4. HP: 7/35 MP: 1/7
  4052 | D:3      | Reached XP level 5. HP: 8/40 MP: 1/8
  4394 | D:3      | Noticed Natasha
  4398 | D:3      | Killed Natasha
  5154 | D:3      | Found a runed translucent door.
  5155 | D:3      | Noticed Crazy Yiuf
  5163 | D:3      | Killed Crazy Yiuf
  5164 | D:3      | Reached XP level 6. HP: 11/47 MP: 10/10
  6031 | D:4      | Found a radiant altar of Vehumet.
  6048 | D:4      | Found a sparkling altar of Nemelex Xobeh.
  6482 | D:4      | Learned a level 2 spell: Static Discharge
  6669 | D:4      | Reached skill level 1 in Polearms
  6920 | D:4      | Found Iamu's Incredible Inventory.
  7252 | D:4      | Your scales start taking on a pale cyan-grey colour.
  7252 | D:4      | Reached skill level 4 in Air Magic
  7252 | D:4      | Reached XP level 7. HP: 47/55 MP: 11/11
  7252 | D:4      | Gained mutation: You are immune to the effects of steam.
                  | [Pale Draconian growth]
  7590 | D:5      | Entered Level 5 of the Dungeon
  8096 | D:5      | Reached XP level 8. HP: 62/62 MP: 5/13
  8319 | D:5      | Found an ornate altar of the Wu Jian Council.
  8357 | D:5      | Reached ** piety under Qazlal
  8358 | D:5      | Reached skill level 5 in Air Magic
  8382 | D:5      | Found a sacrificial altar of Ru.
  8469 | D:5      | Found a staircase to the Ecumenical Temple.
  9715 | D:6      | Found a shimmering altar of Xom.
  9727 | D:6      | Found a blossoming altar of Fedhas.
 10430 | D:6      | HP: 1/62 [steam dragon (4)]
 11019 | D:6      | Found a broken altar of Ashenzari.
 11019 | D:6      | Found an opulent altar of Gozag.
 11165 | D:7      | Noticed Prince Ribbit
 11191 | D:7      | Killed Prince Ribbit
 11192 | D:7      | Reached skill level 5 in Polearms
 11192 | D:7      | Reached skill level 6 in Air Magic
 11424 | D:7      | Reached XP level 9. HP: 36/69 MP: 11/15
 11746 | D:7      | Noticed Maggie
 11756 | D:7      | Killed Maggie
 12137 | D:7      | Found a shimmering blue altar of Sif Muna.
 12224 | D:7      | Noticed a troll
 12235 | D:7      | Slain by a troll

Illustrated notes

Levels and vault maps discovered:
D:1:      minmay_arrival_doors, layout_loops_ring,
          shapermc_ecumenical_altar_acropolis
D:2:      layout_basic, serial_shops, nicolae_shop_overgrown_old_shop,
          shop_fountains, shop, chequers_serial_rivers_small_a, minivault_25
D:3:      layout_loops_corners, uniq_natasha, uniq_sigmund,
          uniq_crazy_yiuf_cottage
D:4:      layout_loops_corners, mainiacjoe_overflow_big_doors,
          nicolae_alphabet_shops, minmay_fractal_squares_diagonal_5
D:5:      layout_rooms, amcnicky_altar_gilded,
          mainiacjoe_overflow_six_doors_small, temple_fountains
D:6:      cheibrodos_quashed, layout_basic, mainiacjoe_overflow_divided_tiny,
          mainiacjoe_overflow_large_starburst
D:7:      layout_gridville, mainiacjoe_overflow_brackets,
          gammafunk_ghost_wrathful_warriors, uniq_maggie, uniq_prince_ribbit1

Skill      XL: |  1  2  3  4  5  6  7  8  9 |
---------------+----------------------------+-----
Dodging        | 2 3 4 |  4.0
Stealth        | 2 3 |  3.5
Fighting       | 1 2 3 |  3.3
Axes           | 1 2 |  2.4
Shields        | 1 2 |  2.0
Conjurations   | 2 3 4 |  4.8
Polearms       | 2 3 5 |  5.6
Air Magic      | 4 6 |  6.3
Spellcasting   | 3 4 |  4.9
Maces & Flails | |  0.1

Action                   |  1- 3 |  4- 6 |  7- 9 || total
-------------------------+-------+-------+-------++-------
Melee: War axe           |    48 |       |       ||    48
       Tailslap          |     4 |    13 |     9 ||    26
       Halberd           |       |   102 |    55 ||   157
       Morningstar       |       |       |    11 ||    11
 Cast: Shock             |    49 |    21 |   106 ||   176
 Abil: Breathe Steam     |       |       |    16 ||    16
  Use: Scroll            |     5 |     1 |    10 ||    16
       Potion            |     1 |       |     5 ||     6
Armor: Skin              |    17 |    38 |    35 ||    90
Dodge: Dodged            |    29 |    68 |    71 ||   168
Block: Other             |     1 |     7 |     6 ||    14
